 Dungeon Crawl Stone Soup version 0.15.2 (webtiles) character file.

67 magipi the Chiller (level 4, 0/27 HPs)
             Began as an Octopode Ice Elementalist on Jan 22, 2015.
             Killed from afar by emiel's ghost (4 damage)
             ... with a magic dart
             ... on Level 3 of the Dungeon.
             The game lasted 00:10:40 (1899 turns).

magipi the Chiller (Octopode Ice Elementalist)      Turns: 1899, Time: 00:10:40

HP   0/27        AC  6     Str  7      XL: 4   Next: 18%
MP   1/7         EV 12     Int 18      God:
Gold 132         SH  0     Dex 12      Spells:  2 memorised,  3 levels left

rFire  + . .     SeeInvis .     m - +0 trident
rCold  . . .     Clarity  .     (no shield)
rNeg   . . .     rCorr    .     (helmet restricted)
rPois  .         rRot     .     (no amulet)
rElec  .         Spirit   .     g - cursed ring of teleportation
SustAb .         Warding  .     (no ring)
rMut   .         Rnd*Tele +     (no ring)
Gourm  .                        (no ring)
MR     .....                    (no ring)
                                (no ring)
                                (no ring)
                                (no ring)

@: icy armour, very slightly contaminated, not resistant to hostile
enchantments, fairly stealthy
A: almost no armour, amphibious, 8 rings, constrict 8, camouflage 1, fire
resistance 1, gelatinous body 1
a: Evoke Teleportation


You were on level 3 of the Dungeon.
You were hungry.

You visited 1 branch of the dungeon, and saw 3 of its levels.

You collected 132 gold pieces.

Notes
Turn   | Place    | Note
--------------------------------------------------------------
     0 | D:1      | magipi, the Octopode Ice Elementalist, began the quest for the Orb.
     0 | D:1      | Reached XP level 1. HP: 11/11 MP: 3/3
    91 | D:1      | Reached XP level 2. HP: 17/17 MP: 2/4
   883 | D:1      | Gained mutation: Your flesh is heat resistant. [potion of beneficial mutation]
   894 | D:2      | Reached skill level 4 in Ice Magic
   965 | D:2      | Reached XP level 3. HP: 18/21 MP: 6/6
   971 | D:2      | Found a burning altar of Makhleb.
  1361 | D:2      | Learned a level 3 spell: Ozocubu's Armour
  1801 | D:3      | Reached XP level 4. HP: 27/27 MP: 7/7
  1827 | D:3      | Reached skill level 1 in Charms
  1888 | D:3      | Noticed emiel's ghost (average HuWn)
  1899 | D:3      | Killed from afar by emiel's ghost

Inventory:

Hand weapons
 d - a +0 club
 h - a +0 dagger
 j - a +0 spear
 m - a +0 trident (weapon)
Missiles
 l - 9 poisoned needles
Comestibles
 c - a bread ration
 f - a royal jelly
 o - a meat ration
Scrolls
 a - a scroll of immolation
 n - a scroll of identify
Jewellery
 g - a cursed ring of teleportation (left tentacle)
Potions
 e - a potion of cancellation
 k - a potion of curing
Books
 b - a book of Frost

   Spells                             Type                      Level
   *Freeze                            Ice                          1
   Throw Frost                        Conjuration/Ice              2
   *Ozocubu's Armour                  Charms/Ice                   3
   Throw Icicle                       Conjuration/Ice              4
   Summon Ice Beast                   Ice/Summoning                4
   Condensation Shield                Ice                          4


   Skills:
 - Level 2.0 Dodging
 - Level 2.6 Stealth
 - Level 2.0 Spellcasting
   Level 1.0 Conjurations
 + Level 1.1 Charms
 + Level 4.6 Ice Magic


You had 3 spell levels left.
You knew the following spells:

 Your Spells              Type           Power        Failure   Level  Hunger
a - Freeze                Ice            ###.         2%          1    #......
o - Ozocubu's Armour      Chrm/Ice       ##......     21%         3    ####...


Dungeon Overview and Level Annotations

Branches:
Dungeon (3/15)

Altars:
Makhleb

Annotations:
D:3 emiel's ghost, average HuWn


Innate Abilities, Weirdness & Mutations

You cannot wear most types of armour.
You are amphibious.
You can wear up to eight rings at the same time.
You can use your tentacles to constrict many enemies at once.
Your skin changes colour to match your surroundings (Stealth).
Your rubbery body absorbs attacks (AC +1).
Your flesh is heat resistant.

Vault maps used:
D:1:      evilmike_arrival_plus, serial_corexii_hall, corexii_hall_statues_x,
          corexii_hall_statues_u, minmay_misc_feat_pillars
D:2:      lemuel_doored_altar
D:3:      grunt_dithmenos_smoke


Message History

The kobold shouts!
Found a scale mail.
Unknown command.
The kobold hits you with a club.
You hit the kobold. You grab the kobold.
The kobold is moderately wounded.
You constrict the kobold. The kobold hits you with a club.
You hit the kobold but do no damage.
The kobold is severely wounded.
You constrict the kobold.
You kill the kobold!
No target in view!
There is a stone staircase leading up here.
You see here 5 stones.
Found a trident.
You now have 122 gold pieces (gained 12).
A rat comes into view.
You see here a trident.
m - a trident Wield which item (- for none, * to show all)? (? for menu, Esc to quit)
m - a +0 trident (weapon)
Attack whom?
Press: ? - help, Dir - move target cursor, f - rat
Aim: a rat You reach to attack!
You hit the rat.
You kill the rat!
Your Charms skill increases to level 1!
You are near starving!
Found a leather armour.
You now have 132 gold pieces (gained 10).
A rat comes into view.
A quokka comes into view.
Found a meat ration.
Found a pair of gloves.
Attack whom?
Press: ? - help, Dir - move target cursor, f - quokka
Aim: a quokka You reach to attack!
You barely miss the quokka. The quokka bites you.
Casting: Freeze
Confirm with . or Enter, or press ? or * to list all spells.
Aiming: Freeze
Press: ? - help, Shift-Dir - straight line, f/p - quokka
Aim: a quokka You freeze the quokka.
You kill the quokka!
The rat twitches its whiskers.
The rat closely misses you.
You hit the rat.
You kill the rat!
Unknown command.
You hit the rat.
You kill the rat!
o - a meat ration
Found a short sword.
You open the door.
Found 8 gold pieces.
There is an open door here.
Eat which item? (? for menu, Esc to quit)
You continue eating.
You finish eating.
That beef jerky was jerk-a-riffic!
A giant cockroach comes into view.
You hit the giant cockroach but do no damage.
Your grab misses the giant cockroach. The giant cockroach bites you.
The giant cockroach barely misses you.
You barely miss the giant cockroach. You grab the giant cockroach.
You constrict the giant cockroach, but do no damage.
The giant cockroach bites you.
You hit the giant cockroach but do no damage.
You constrict the giant cockroach.
The giant cockroach bites you but does no damage.
The giant cockroach barely misses you.
You hit the giant cockroach but do no damage.
You squeeze the giant cockroach.
You kill the giant cockroach!
You see here a giant cockroach corpse.
You see here a giant cockroach corpse.
You stop butchering the corpse.
Emiel's ghost (average Human Wanderer) comes into view.
Emiel's ghost turns its malevolent gaze towards you.
Emiel's ghost shrieks, "They lied to you.
The Dungeon just goes down and down forever."
Emiel's ghost gestures at you while chanting.
The magic dart hits you!
Emiel's ghost gestures at you while chanting.
The magic dart hits you!
Casting: Freeze
Confirm with . or Enter, or press ? or * to list all spells.
You miscast Ozocubu's Armour.
You are very lightly contaminated with residual magic.
Waves of light ripple over your body.
Emiel's ghost points at you and mumbles some strange words.
The magic dart hits you!
* * * LOW HITPOINT WARNING * * *
Casting: Ozocubu's Armour
Confirm with . or Enter, or press ? or * to list all spells.
A film of ice covers your body!
You are feeling hungry.
Unknown command.
Emiel's ghost points at you and mumbles some strange words.
The magic dart hits you!
You die...

#....##.....#
#....<......####
####)..........#
#...........# #...........#
#...........# #...........#
#...........#
#........@..#############
#.......................#
#.........[........%....#
##.......................#
...................).....#
########.......W.........##
#.........##........
#........[##........
#.........'.........


You could see emiel's ghost.

Table legend:
 A = Kills in this place as a percentage of kills in entire the game.
 B = Kills by you in this place as a percentage of kills by you in the entire game.
 C = Kills by friends in this place as a percentage of kills by friends in the entire game.
 D = Other kills in this place as a percentage of other kills in the entire game.
 E = Experience gained in this place as a percentage of experience gained in the entire game.
 F = Experience gained in this place divided by the number of levels of this place that you have seen.
                   A       B       C       D       E      F
               +-------+-------+-------+-------+-------+----------------------
         Total | 100.0 | 100.0 |  -nan |  -nan | 100.0 |  32.3
       Dungeon | 100.0 | 100.0 |  -nan |  -nan | 100.0 |  32.3
               +-------+-------+-------+-------+-------+----------------------

Vanquished Creatures
  3 worms
  3 giant geckos
  2 ball pythons
  7 bats
  5 giant cockroaches
  5 goblins
  4 hobgoblins
  6 kobolds
  4 quokkas
  A giant newt (D:2)
  5 rats
45 creatures vanquished. Notes Turn | Place | Note -------------------------------------------------------------- 0 | D:1 | magipi, the Octopode Ice Elementalist, began the quest for the Orb. 0 | D:1 | Reached XP level 1. HP: 11/11 MP: 3/3 91 | D:1 | Reached XP level 2. HP: 17/17 MP: 2/4 883 | D:1 | Gained mutation: Your flesh is heat resistant. [potion of beneficial mutation] 894 | D:2 | Reached skill level 4 in Ice Magic 965 | D:2 | Reached XP level 3. HP: 18/21 MP: 6/6 971 | D:2 | Found a burning altar of Makhleb. 1361 | D:2 | Learned a level 3 spell: Ozocubu's Armour 1801 | D:3 | Reached XP level 4. HP: 27/27 MP: 7/7 1827 | D:3 | Reached skill level 1 in Charms 1888 | D:3 | Noticed emiel's ghost (average HuWn) 1899 | D:3 | Killed from afar by emiel's ghost

Action                   |  1- 3 |  4- 6 || total
-------------------------+-------+-------++-------
Melee: Unarmed           |     1 |       ||     1
       Dagger            |    19 |       ||    19
       Club              |     4 |       ||     4
       Spear             |    58 |     2 ||    60
       Trident           |       |     8 ||     8
 Cast: Freeze            |    29 |     1 ||    30
       Ozocubu's Armour  |     1 |     1 ||     2
  Use: Scroll            |     5 |       ||     5
       Potion            |     1 |       ||     1
 Stab: Sleeping          |    11 |       ||    11
  Eat: Chunk             |     2 |       ||     2
       Beef jerky        |       |     1 ||     1

Action                   |  1- 3 |  4- 6 || total
-------------------------+-------+-------++-------
Melee: Unarmed           |     1 |       ||     1
       Dagger            |    19 |       ||    19
       Club              |     4 |       ||     4
       Spear             |    58 |     2 ||    60
       Trident           |       |     8 ||     8
 Cast: Freeze            |    29 |     1 ||    30
       Ozocubu's Armour  |     1 |     1 ||     2
  Use: Scroll            |     5 |       ||     5
       Potion            |     1 |       ||     1
 Stab: Sleeping          |    11 |       ||    11
  Eat: Chunk             |     2 |       ||     2
       Beef jerky        |       |     1 ||     1

Action                   |  1- 3 |  4- 6 || total
-------------------------+-------+-------++-------
Melee: Unarmed           |     1 |       ||     1
       Dagger            |    19 |       ||    19
       Club              |     4 |       ||     4
       Spear             |    58 |     2 ||    60
       Trident           |       |     8 ||     8
 Cast: Freeze            |    29 |     1 ||    30
       Ozocubu's Armour  |     1 |     1 ||     2
  Use: Scroll            |     5 |       ||     5
       Potion            |     1 |       ||     1
 Stab: Sleeping          |    11 |       ||    11
  Eat: Chunk             |     2 |       ||     2
       Beef jerky        |       |     1 ||     1
